 Dungeon Crawl Stone Soup version 0.18.1-48-g4cf74bf (webtiles) character file.

247 poirepourri the Conjurer (level 5, -6/28 HPs)
             Began as a Deep Elf Conjurer on July 6, 2016.
             Was an Initiate of Vehumet.
             Engulfed by a cloud of flame (34 damage)
             ... on level 3 of the Dungeon.
             The game lasted 00:07:57 (4221 turns).

poirepourri the Conjurer (Deep Elf Conjurer)        Turns: 4221, Time: 00:07:57

Health: -6/28      AC:  6    Str:  5    XL:     5   Next: 85%
Magic:  14/14      EV: 14    Int: 21    God:    Vehumet [......]
Gold:   191        SH:  0    Dex: 15    Spells: 5 memorised, 0 levels left

rFire  x . .     SeeInvis .     j - +1 short sword (freeze)
rCold  + . .     Gourm    .     a - +1 robe
rNeg   . . .     Faith    .     (no shield)
rPois  .         Spirit   .     (no helmet)
rElec  .         Dismiss  .     e - +2 cloak
rCorr  .         Reflect  .     (no gloves)
SustAt .         Harm     .     (no boots)
MR     .....                    (no amulet)
Stlth  ++........               (no ring)
                                d - ring of ice

@: not resistant to hostile enchantments, unstealthy
A: no striking features
a: Renounce Religion


You were on level 3 of the Dungeon.
You worshipped Vehumet.
Vehumet was noncommittal.
You were not hungry.

You visited 1 branch of the dungeon, and saw 3 of its levels.

You collected 191 gold pieces.

Inventory:

Hand Weapons
 j - a +1 short sword of freezing (weapon)
Armour
 a - a +1 robe (worn)
 e - a +2 cloak (worn)
Jewellery
 d - a ring of ice (left hand)
Scrolls
 c - a scroll of identify
 g - a scroll of magic mapping
 h - a scroll of amnesia
 i - a scroll of fear
Potions
 f - a potion of mutation {unknown}
Books
 b - a book of Conjurations

   Spells                             Type                      Level
   a - Magic Dart                     Conjuration                  1
   b - Searing Ray                    Conjuration                  2
   c - Dazzling Spray                 Conjuration/Hexes            3
   d - Fulminant Prism                Conjuration/Hexes            4
   e - Iskenderun's Mystic Blast      Conjuration                  4
   f - Iskenderun's Battlesphere      Conjuration/Charms           5
Comestibles
 k - a bread ration


   Skills:
 - Level 0.1 Fighting
 + Level 3.7 Dodging
 + Level 3.1 Stealth
 + Level 5.2 Spellcasting
 + Level 6.1 Conjurations


You couldn't memorise any spells.
You knew the following spells:

 Your Spells              Type           Power        Failure   Level  Hunger
a - Magic Dart            Conj           ####         1%          1    None
b - Searing Ray           Conj           ####..       1%          2    None
c - Dazzling Spray        Conj/Hex       ###...       12%         3    ##.....
d - Fulminant Prism       Conj/Hex       ###.......   34%         4    ####...
e - Iskenderun's Mystic   Conj           ####....     12%         4    ####...


Dungeon Overview and Level Annotations

Branches:
Dungeon (3/15)

Altars:
Qazlal
Vehumet
Yredelemnul

Annotations:
D:3 TBriggs11TB's ghost, amateur HuBe


Message History

Found a dagger.
Found a stone staircase leading up.
Found a club.
You now have 191 gold pieces (gained 8).
There are no items here.
There are no items here.
k - a bread ration
There are no items here.
You spend a moment contemplating the meaning of life.
Really walk into a travel-excluded area?
Really walk into a travel-excluded area? [Y]es or [N]o only, please.
Really walk into a travel-excluded area?
There is a radiant altar of Vehumet here.
You kneel at the altar of Vehumet.
Vehumet welcomes you!
Really walk into that cloud of flame?
Okay, then.
You are engulfed in roaring flames.
Ouch! That really hurt!
You die...

###.........# #.....
###.###.†##.. #..... ....#
...##.# #..... ##### ...##..#
#.....
......##.......#############.....
####.........)..§§#..............
#......§§§.........##..... #..
#..)§...........######
#..#..§.@..........#
#..##..§§..........#
#..................#
#..................#
###......#........##
#......>.........#
#######..........# #..........#
#..........#


There were no monsters in sight!

Vanquished Creatures
  Robin (D:3)
  7 gnolls (D:2)
  6 adders
  4 worms (D:2)
  A dart slug (D:3)
  3 giant geckos
  3 giant cockroaches
  7 hobgoblins
  15 jackals
  2 ball pythons (D:3)
  7 bats
  5 giant newts
  19 goblins
  13 kobolds
  3 rats
96 creatures vanquished.

Vanquished Creatures (others)
  A worm (D:3)
  A goblin (D:3)
  A hobgoblin (D:3)
  A bat (D:1)
4 creatures vanquished.

Grand Total: 100 creatures vanquished

Notes
Turn   | Place    | Note
--------------------------------------------------------------
     0 | D:1      | poirepourri the Deep Elf Conjurer began the quest for the Orb.
     0 | D:1      | Reached XP level 1. HP: 10/10 MP: 6/6
   533 | D:1      | Reached XP level 2. HP: 15/15 MP: 5/8
   913 | D:1      | Reached skill level 5 in Conjurations
  1225 | D:1      | Learned a level 2 spell: Searing Ray
  1319 | D:2      | Reached XP level 3. HP: 19/19 MP: 6/9
  2017 | D:2      | Reached XP level 4. HP: 24/24 MP: 3/11
  2440 | D:1      | Learned a level 3 spell: Dazzling Spray
  2445 | D:1      | Learned a level 4 spell: Fulminant Prism
  2534 | D:2      | Found a stormy altar of Qazlal.
  3129 | D:2      | Reached XP level 5. HP: 28/28 MP: 6/13
  3568 | D:3      | Reached skill level 6 in Conjurations
  3806 | D:3      | Noticed Robin
  3822 | D:3      | Killed Robin
  3822 | D:3      | Reached skill level 5 in Spellcasting
  3843 | D:3      | Noticed TBriggs11TB's ghost (amateur HuBe)
  3945 | D:3      | Learned a level 4 spell: Iskenderun's Mystic Blast
  4088 | D:3      | Found a basalt altar of Yredelemnul.
  4186 | D:3      | Found a radiant altar of Vehumet.
  4219 | D:3      | Became a worshipper of Vehumet
  4221 | D:3      | Engulfed by a cloud of flame

Skill      XL: |  1  2  3  4  5 |
---------------+----------------+-----
Conjurations   | 5 6 |  6.1
Dodging        | 3 |  3.7
Stealth        | 3 |  3.1
Spellcasting   | 4 5 |  5.2
Fighting       | |  0.1

Action                   |  1- 3 |  4- 6 || total
-------------------------+-------+-------++-------
Melee: Unarmed           |     8 |       ||     8
       Short sword       |       |    10 ||    10
 Cast: Magic Dart        |    64 |   128 ||   192
       Searing Ray       |     1 |     6 ||     7
  Use: Scroll            |     3 |     3 ||     6
       Potion            |     1 |       ||     1
  Eat: Bread ration      |     1 |     1 ||     2
       Chunk             |       |     3 ||     3
Armor: Robe              |     3 |    18 ||    21
Dodge: Dodged            |    23 |    34 ||    57
